 Dungeon Crawl Stone Soup version 0.32-a0-571-gec57dfcd37 (webtiles) character file.

Game seed: 12770578348349333288

23 hikkokomori the Chopper (level 2, -2/24 HPs)
             Began as a Mountain Dwarf Reaver on Feb 29, 2024.
             Was a Follower of Elyvilon.
             Slain by an adder (3 damage)
             ... on level 2 of the Dungeon.
             The game lasted 00:02:39 (1000 turns).

hikkokomori the Chopper (Mountain Dwarf Reaver)     Turns: 1000, Time: 00:02:39

Health: -2/24      AC:  3    Str: 14    XL:     2   Next: 72%
Magic:  5/5        EV: 11    Int: 13    God:    Elyvilon [*.....]
Gold:   20         SH:  0    Dex:  8    Spells: 4/5 levels left

rFire   . . .        a - +0 hand axe
rCold   . . .        (no shield)
rNeg    . . .        b - +0 leather armour
rPois   .            (no helmet)
rElec   .            (no cloak)
rCorr   .            (no gloves)
SInv    .            (no boots)
Will    .....        g - amulet of regeneration
Stlth   +            (no ring)
HPRegen 1.04/turn    (no ring)
MPRegen 0.09/turn

%: no passive effects
@: lethally poisoned (-2 -> -4)
A: runic magic, artefact enchanting
a: Renounce Religion, Purification


You were on level 2 of the Dungeon.
You worshipped Elyvilon.
Elyvilon was aware of your devotion.
You visited 1 branch of the dungeon, and saw 2 of its levels.

You collected 20 gold pieces.

Inventory:

Hand Weapons
 a - a +0 hand axe (weapon)
 j - a +2 dagger of electrocution
Armour
 b - a +0 leather armour (worn)
 k - a +0 pair of gloves
Jewellery
 g - an amulet of regeneration (around neck)
Scrolls
 d - a scroll of identify {unknown}
 e - a scroll of enchant weapon {unknown}
 f - a scroll of revelation {unknown}
 h - a scroll of blinking {unknown}
Potions
 c - 2 potions of might {unknown}
 i - a potion of lignification {unknown}


   Skills:
 - Level 2.1 Fighting
 + Level 4.7 Axes
 - Level 1.3 Dodging
 - Level 2.0 Spellcasting
 - Level 2.6 Conjurations


You had 4 spell levels left.
You knew the following spells:

 Your Spells              Type           Power      Damage    Failure   Level
a - Kiss of Death         Conj/Necr      16%        2d6       16%         1

Your spell library contained the following spells:

 Spells                   Type           Power      Damage    Failure   Level
 Momentum Strike          Conj/Tloc      8%         3d8       22%         2
 Sublimation of Blood     Necr           1%         N/A       36%         2
 Hailstorm                Conj/Ice       4%         3d5       41%         3
 Petrify                  Alch/Erth      1%         N/A       95%         4
 Irradiate                Conj/Alch      2%         3d12      99%         5


Dungeon Overview and Level Annotations

Branches:
Dungeon (2/15)

Altars:
Elyvilon


Innate Abilities, Weirdness & Mutations

Your spellcasting is much less encumbered by armour.
You can use scrolls of enchantment on lesser artefacts.


Message History

You are too injured to fight recklessly!
You are too injured to fight recklessly!
You are too injured to fight recklessly!
You are too injured to fight recklessly!
You are too injured to fight recklessly!
You are too injured to fight recklessly!
You closely miss the adder.
The adder is moderately wounded.
You feel sick. The adder barely misses you.
You closely miss the adder.
The adder is moderately wounded.
You feel sick. The adder bites you but does no damage.
You hit the adder.
The adder is severely wounded.
You feel sick. The adder bites you.
You are more poisoned.
The adder poisons you! The adder barely misses you.
You barely miss the adder.
The adder is heavily wounded.
You feel very sick. The adder closely misses you.
You closely miss the adder.
The adder is heavily wounded.
You feel sick. The adder bites you but does no damage.
You hit the adder.
The adder is almost dead.
You feel sick. The adder barely misses you. The adder bites you.
* * * LOW HITPOINT WARNING * * *
You miss the adder.
The adder is almost dead.
You feel sick. The adder bites you.
* * * LOW HITPOINT WARNING * * *
You are lethally poisoned!
The adder poisons you!
You completely miss the adder.
The adder is almost dead.
* * * LOW HITPOINT WARNING * * *
You feel very sick. The adder bites you.
You die...

#..........<..#
.............#
##. ####......#
#..#####......#
#.#...........#
#.#.#.....#######
#.........#
#....#†....#
#..#.#@....#
.......S....#
.......#.####
.......#.#
.....?.#.#
.........#
>.......##
.......


You could see an adder.

Vanquished Creatures
  5 endoplasms
  A giant cockroach (D:1)
  2 goblins (D:1)
  A hobgoblin (D:1)
  2 kobolds
  2 bats
  5 frilled lizards
  4 rats
22 creatures vanquished.

Notes
Turn   | Place    | Note
-------+----------+-------------------------------------------
     0 | D:1      | hikkokomori the Mountain Dwarf Reaver began the quest for
                  | the Orb.
     0 | D:1      | Reached XP level 1. HP: 17/17 MP: 3/3
   162 | D:1      | Reached skill level 4 in Axes
   197 | D:1      | Reached XP level 2. HP: 23/24 MP: 5/5
   381 | D:1      | Found a faded altar of an unknown god.
   390 | D:1      | Prayed at the altar of an unknown god.
   390 | D:1      | Became a worshipper of Elyvilon the Healer
   390 | D:1      | Reached * piety under Elyvilon
  1000 | D:2      | HP: 1/24 [poisoned by an adder]
  1000 | D:2      | Slain by an adder

Illustrated notes

Levels and vault maps discovered:
D:1:      wheals_arrival_linesprint, layout_loops_ring,
          shapermc_ecumenical_altar_flowoftime, minmay_misc_feat_tiny
D:2:      layout_rooms, basic_altar, minmay_rat_hole

Skill      XL: |  1 |
---------------+----+-----
Spellcasting   | 2 |  2.0
Axes           | 4 |  4.7
Fighting       | |  2.1
Dodging        | |  1.3
Conjurations   | |  2.6

Action                     || total
---------------------------++-------
  Melee: Hand axe          ||   119
 Armour: Leather armour    ||    61
  Dodge: Dodged            ||    70

Table legend: (Time is in decaauts)
 A = Elapsed time spent in this place.
 B = Non-inter-level travel time spent in this place.
 C = Inter-level travel time spent in this place.
 D = Time resting spent in this place.
 E = Time spent auto-exploring this place.
 F = Levels seen in this place.
 G = Mean time per level.
                   A        B        C        D        E       F      G
               +--------+--------+--------+--------+--------+-----+--------+
         Total |   1009 |    931 |     78 |      0 |    702 |   2 |  504.5 |
       Dungeon |   1009 |    931 |     78 |      0 |    702 |   2 |  504.5 |
               +--------+--------+--------+--------+--------+-----+--------+

Top non-repeatable levels by time:
     D:1: 943 daAuts
     D:2: 65 daAuts
